 Dungeon Crawl Stone Soup version 0.27-a0-1559-g299f9947c5 (webtiles) character file.

Game seed: 16618198156458452709

605 Conn the Firebug (level 7, -5/42 HPs)
             Began as an Octopode Fire Elementalist on July 16, 2021.
             Killed from afar by Pikel (11 damage)
             ... with a bolt of acid
             ... on level 5 of the Dungeon.
             The game lasted 00:19:46 (6916 turns).

Conn the Firebug (Octopode Fire Elementalist)       Turns: 6916, Time: 00:19:47

Health: -5/42      AC:  5    Str:  8    XL:     7   Next: 42%
Magic:  0/21       EV: 13    Int: 19    God:
Gold:   238        SH:  0    Dex: 12    Spells: 2/13 levels left

rFire    . . .     SeeInvis .   q - +2 dagger (venom)
rCold    . . .     Faith    .   (no shield)
rNeg     . . .     Spirit   +   (helmet restricted)
rPois    .         Reflect  .   k - amulet of guardian spirit
rElec    .         Harm     .   h - +4 ring of protection
rCorr    .         Rampage  .   w - ring of magical power
Will     .....                  (no ring)
Stlth    +++.......             (no ring)
HPRegen  0.14/turn              (no ring)
MPRegen  0.17/turn              (no ring)
                                (no ring)
                                (no ring)

@: no status effects
A: almost no armour, amphibious, 8 rings, camouflage 1, gelatinous body 1,
(nimble swimmer 1), tentacles
a: no special abilities


You were on level 5 of the Dungeon.
You visited 1 branch of the dungeon, and saw 5 of its levels.

You collected 238 gold pieces.

Inventory:

Hand Weapons
 f - a +1 rapier
 i - a +2 whip of pain
 l - a +2 quarterstaff of chaos
 q - a +2 dagger of venom (weapon)
Missiles
 d - 34 poisoned darts (quivered)
 e - 57 sling bullets
 g - 7 atropa-tipped darts
Armour
 o - a +0 buckler
Magical Staves
 n - a staff of earth
Jewellery
 h - a +4 ring of protection (left tentacle)
 k - an amulet of guardian spirit (around mantle)
 w - a ring of magical power (right tentacle)
Wands
 m - a wand of flame (30)
 t - a wand of mindburst (14)
Scrolls
 j - a scroll of silence
 p - 2 scrolls of immolation
 u - a scroll of enchant weapon
 x - a scroll of fear {unknown}
 y - a scroll of identify {unknown}
Potions
 a - a potion of brilliance
 b - 2 potions of curing
 r - a potion of mutation {unknown}
 s - a potion of heal wounds {unknown}
 v - a potion of resistance


   Skills:
 + Level 0.6 Fighting
 + Level 0.4 Short Blades
 + Level 0.2 Maces & Flails
 + Level 0.2 Throwing
 + Level 2.5 Dodging
 + Level 4.0 Stealth
 + Level 3.9 Spellcasting
 * Level 3.5 Conjurations
 * Level 5.5 Fire Magic


You had 2 spell levels left.
You knew the following spells:

 Your Spells              Type           Power      Damage    Failure   Level
a - Foxfire               Conj/Fire      84%        2x1d8     2%          1
b - Conjure Flame         Conj/Fire      21%        6-21      6%          3
c - Inner Flame           Hex/Fire       14%        N/A       13%         3
d - Sticky Flame          Conj/Fire      21%        2d4       22%         4

Your spell library contained the following spells:

 Spells                   Type           Power      Damage    Failure   Level
 Corpse Rot               Necr/Air       N/A        N/A       22%         2
 Fireball                 Conj/Fire      10%        3d6       52%         5
 Dispel Undead            Necr           3%         3d7       80%         4
 Death Channel            Necr           1%         N/A       100%        6


Dungeon Overview and Level Annotations

Branches:
Dungeon (5/15)
 Temple: D:4-7

Altars:
Cheibriados
Elyvilon
Makhleb
Uskayaw
Yredelemnul

Shops:
D:2 =   D:4 (

Annotations:
D:5 Pikel


Innate Abilities, Weirdness & Mutations

You cannot wear most types of armour.
You are amphibious.
You can wear up to eight rings at the same time.
Your skin changes colour to match your surroundings (Stealth+).
Your rubbery body absorbs attacks. (AC +1, EV +1)
((You are camouflaged near water. (Stealth+)))
You have tentacles for arms and can constrict up to eight enemies at once.


Message History

Aim: Pikel, wielding a +1 whip of electrocution, wearing a +1 robe of willpower and carrying a wand of acid (8) (lightly wounded, berserk, poisoned, 100% to hit)
The sticky flame hits Pikel.
Pikel is lightly wounded.
Pikel is covered in liquid flames!
Pikel burns!
Pikel hits you with a +1 whip of electrocution!
You are electrocuted!
Pikel misses you.
Casting: Sticky Flame (quite dangerous; 22% risk of failure)
Confirm with . or Enter, or press ? or * to list all spells.
Okay, then.
Aiming: Mindburst
Press: ? - help, Shift-Dir - straight line, f/p - Pikel
Aim: Pikel, wielding a +1 whip of electrocution, wearing a +1 robe of willpower and carrying a wand of acid (8) (lightly wounded, berserk, covered in liquid flames, poisoned, chance to affect: 30%)
Okay, then.
Unknown command.
Unknown command.
Unknown command.
Unknown command.
Casting: Sticky Flame (quite dangerous; 22% risk of failure)
Confirm with . or Enter, or press ? or * to list all spells.
Okay, then.
Okay, then.
Pikel burns!
Pikel burns!
Pikel stops burning.
Pikel hits you with a +1 whip of electrocution.
Pikel looks more healthy.
Pikel hits you with a +1 whip of electrocution!
There is a stone staircase leading up here.
Pikel barely misses you.
Pikel hits you with a +1 whip of electrocution!
* * * LOW HITPOINT WARNING * * *
Blink to where?
Press: ? - help, Dir - move target, p - Pikel
As you read the scroll of blinking, it crumbles to dust.
You hear a shout!
There is an open door here.
You close the door.
Pikel opens the door.
Pikel is no longer berserk.
Pikel zaps a wand.
The bolt of acid hits you!
You die...

...##...##............##...##....
................##....##....#....
.............>..##....##....#....
.................+..........+....
..###..###......##..........#....
..###..###......##..........#....
........'......)########...##....
........#.......##...###...##....
........#.......@>.........##....
...#...##.......##...)...........
...######.......##..........#....
.. #.............##....##.... .
#....K........############
#..............#....##....
#..............#..........
####'###...##....'..........
#.....##...##....#..........


You could see Pikel (slow).

Vanquished Creatures
  An ogre (D:4)
  3 lemures
  A scorpion (D:5)
  A jelly (D:5)
  A bullfrog zombie (D:5)
  An orc priest (D:4)
  A centaur skeleton (D:4)
  Crazy Yiuf (D:2)
  An iguana (D:4)
  2 orc wizards
  A hound skeleton (D:5)
  7 gnolls
  3 adders
  An ufetubus (D:5)
  2 dart slugs (D:2)
  9 orcs
  11 ball pythons
  6 endoplasms
  3 giant cockroaches
  6 hobgoblins
  17 jackals
  5 quokkas
  12 bats
  4 frilled lizards
  8 goblins
  5 kobolds
  5 rats
118 creatures vanquished.

Vanquished Creatures (others)
  374 foxfires
  A withered plant (D:4)
375 creatures vanquished.

Grand Total: 493 creatures vanquished

Notes
Turn   | Place    | Note
-------+----------+-------------------------------------------
     0 | D:1      | Conn the Octopode Fire Elementalist began the quest for the
                  | Orb.
     0 | D:1      | Reached XP level 1. HP: 11/11 MP: 3/3
   234 | D:1      | Reached XP level 2. HP: 17/17 MP: 1/5
   571 | D:1      | Reached XP level 3. HP: 21/21 MP: 0/6
   974 | D:1      | Learned a level 3 spell: Conjure Flame
  1210 | D:2      | Found Voiddudi's Jewellery Shop.
  1851 | D:2      | Learned a level 3 spell: Inner Flame
  1889 | D:2      | Reached XP level 4. HP: 23/27 MP: 3/7
  1955 | D:2      | Reached skill level 4 in Fire Magic
  2042 | D:2      | Found a burning altar of Makhleb.
  2485 | D:3      | Reached XP level 5. HP: 15/31 MP: 2/9
  2878 | D:3      | HP: 1/31 [gnoll (6)]
  3480 | D:2      | Found a runed translucent door.
  3481 | D:2      | Noticed Crazy Yiuf
  3614 | D:2      | Killed Crazy Yiuf
  3999 | D:3      | Found a white marble altar of Elyvilon.
  4457 | D:4      | Noticed a +0 dagger
  4458 | D:4      | Noticed a +0 hand axe
  4544 | D:4      | Found a basalt altar of Yredelemnul.
  4546 | D:4      | Found a hide-covered altar of Uskayaw.
  4687 | D:4      | Noticed an ogre
  4736 | D:4      | Reached XP level 6. HP: 36/37 MP: 1/10
  5093 | D:4      | Found a snail-covered altar of Cheibriados.
  5197 | D:4      | Found Buri's Weapon Shoppe.
  5699 | D:5      | Entered Level 5 of the Dungeon
  5790 | D:5      | Reached skill level 5 in Fire Magic
  6048 | D:3      | Learned a level 4 spell: Sticky Flame
  6146 | D:5      | Reached XP level 7. HP: 36/42 MP: 12/12
  6373 | D:5      | Noticed Pikel
  6916 | D:5      | Killed from afar by Pikel

Illustrated notes

Levels and vault maps discovered:
D:1:      onia_arrival_mini_spirals, layout_basic, st_stairs_6
D:2:      layout_basic, serial_shops,
          nicolae_shop_temple_entry_statues_fountains, basic_altar,
          grunt_decor_fettered, uniq_crazy_yiuf_cottage
D:3:      cheibrodos_helix_gallery, layout_rooms, lemuel_tele_altar
D:4:      layout_basic, lemuel_crystal_altar, dancing_weapons_uskayaw,
          yredelemnul_altar_generic, serial_shops, nicolae_shop_stone,
          hangedman_abyss_or_decor_stagger, kennysheep_generic_room_3
D:5:      layout_gridville, lemuel_coloured_pillars_altar, uniq_pikel

Skill      XL: |  1  2  3  4  5  6 |
---------------+-------------------+-----
Fire Magic     | 4 5 |  5.5
Stealth        | 3 4 |  4.0
Spellcasting   | 3 |  3.9
Conjurations   | 2 3 |  3.5
Fighting       | |  0.6
Short Blades   | |  0.4
Maces & Flails | |  0.2
Throwing       | |  0.2
Dodging        | |  2.5

Action                   |  1- 3 |  4- 6 |  7- 9 || total
-------------------------+-------+-------+-------++-------
Melee: Rapier            |     9 |       |       ||     9
       Tentacles         |     1 |     5 |     4 ||    10
       Unarmed           |     1 |       |       ||     1
       Constrict         |     2 |    14 |     3 ||    19
       Whip              |       |    34 |       ||    34
       Dagger            |       |    12 |    13 ||    25
Throw: Dart              |       |     9 |     4 ||    13
 Cast: Foxfire           |    63 |   141 |    20 ||   224
       Conjure Flame     |     1 |     5 |       ||     6
       Sticky Flame      |       |     1 |     4 ||     5
Evoke: Wand              |       |       |     1 ||     1
  Use: Scroll            |     2 |     6 |     1 ||     9
       Potion            |     2 |     3 |       ||     5
 Stab: Sleeping          |     1 |     1 |       ||     2
Armor: Skin              |     4 |    26 |     5 ||    35
Dodge: Dodged            |    44 |    81 |    18 ||   143

Table legend: (Time is in decaauts)
 A = Elapsed time spent in this place.
 B = Non-inter-level travel time spent in this place.
 C = Inter-level travel time spent in this place.
 D = Time resting spent in this place.
 E = Time spent auto-exploring this place.
 F = Levels seen in this place.
 G = Mean time per level.
                   A        B        C        D        E       F      G
               +--------+--------+--------+--------+--------+-----+--------+
         Total |   6929 |   6828 |    101 |   1388 |   3519 |   5 | 1385.8 |
       Dungeon |   6929 |   6828 |    101 |   1388 |   3519 |   5 | 1385.8 |
               +--------+--------+--------+--------+--------+-----+--------+

Top non-repeatable levels by time:
     D:4: 1799 daAuts
     D:2: 1742 daAuts
     D:1: 1649 daAuts
     D:3: 1106 daAuts
     D:5: 630 daAuts
